Map: Golden Wall LE

Players

RyuKey - Winner!

  • Race: Protoss Protoss
  • League: Diamond
  • Spawn Location: 7:00

VOD

Have the link to the VOD?

Description

Time

  • Played on: June 17, 2020, 10:59 a.m.
  • Length: 14:39
Show
View Real Time Build Order
Export as new Build Order

RyuKey Protoss - Winner!

Build Orders:  

Get SALT Encoding   

  12  0:18  Probe (Chrono Boost)  
  13  0:35  Probe (Chrono Boost)  
  13  0:36  Pylon  
  14  0:52  Probe (Chrono Boost)  
  15  1:02  Gateway  
  15  1:04  Probe (Chrono Boost)  
  16  1:16  Probe (Chrono Boost)  
  17  1:29  Probe (Chrono Boost)  
  18  1:47  Nexus  
  18  1:55  Probe (Chrono Boost)  
  18  1:59  Assimilator  
  19  2:12  Gateway  
  19  2:25  Cybernetics Core  
  20  2:31  Probe (Chrono Boost)  
  20  2:48  Probe (Chrono Boost)  
  21  3:04  Pylon  
  21  3:05  Probe (Chrono Boost)  
  22  3:14  Assimilator  
  23  3:22  Probe (Chrono Boost)  
  27  3:36  Probe (Chrono Boost)  
  27  3:37  Probe (Chrono Boost)  
  29  3:48  Probe (Chrono Boost)  
  29  3:53  Probe (Chrono Boost)  
  29  3:56  Unknown x2  
  35  4:00  Probe (Chrono Boost)  
  35  4:04  Unknown x2  
  36  4:36  Warp Gate  
  36  4:37  Unknown x2  
  36  4:41  Probe (Chrono Boost)  
  38  4:50  Probe (Chrono Boost)  
  38  4:53  Probe (Chrono Boost)  
  38  4:57  Stalker  
  38  4:58  Stalker  
  43  5:02  Pylon  
  43  5:04  Probe (Chrono Boost)  
  43  5:07  Probe (Chrono Boost)  
  45  5:24  Probe (Chrono Boost)  
  46  5:33  Probe (Chrono Boost)  
  46  5:38  Unknown x2  
  46  5:39  Stalker x2  
  50  5:41  Probe (Chrono Boost)  
  53  5:50  Probe (Chrono Boost)  
  53  5:58  Probe (Chrono Boost)  
  52  6:02  Unknown x2  
  52  6:07  Probe (Chrono Boost)  
  51  6:33  Probe (Chrono Boost)  
  51  6:34  Probe (Chrono Boost)  
  51  6:38  Stalker  
  53  6:50  Pylon  
  53  6:52  Pylon  
  53  6:55  Pylon  
  53  6:59  Pylon  
  53  7:03  Probe (Chrono Boost)  
  54  7:17  Stalker, Probe (Chrono Boost)  
  54  7:18  Stalker  
  60  7:20  Probe (Chrono Boost)  
  60  7:30  Assimilator  
  60  7:31  Assimilator  
  60  7:36  Pylon  
  60  7:39  Probe (Chrono Boost)  
  47  7:40  Probe (Chrono Boost)  
  58  8:06  Stalker x2, Probe x2 (Chrono Boost)  
  62  8:23  Probe (Chrono Boost)  
  63  8:32  Gateway  
  63  8:41  Stalker x2, Gateway x2  
  63  8:46  Probe x2 (Chrono Boost)  
  69  9:00  Gateway  
  69  9:03  Gateway  
  69  9:04  Nexus  
  69  9:07  Gateway  
  69  9:09  Gateway  
  69  9:11  Gateway  
  69  9:13  Gateway  
  69  9:16  Gateway  
  69  9:22  Pylon  
  69  9:29  Pylon  
  69  9:33  Pylon  
  69  9:52  Stalker  
  69  9:53  Stalker x2  
  69  9:58  Stalker  
  77  10:02  Pylon  
  77  10:06  Pylon  
  77  10:19  Stalker  
  79  10:27  Twilight Council  
  79  10:34  Stalker x3  
  79  10:35  Stalker x7  
  99  10:45  Gateway  
  99  10:48  Gateway  
  99  10:55  Gateway  
  79  11:35  Stalker  
  79  11:37  Stalker  
  79  11:38  Stalker x9  
  101  11:53  Assimilator  
  101  12:13  Zealot  
  101  12:14  Zealot x3  
  109  12:34  Nexus  
  107  13:04  Blink  
  107  13:16  Stalker x5  
  107  13:17  Stalker x8  
  117  14:18  Stalker x7  
  117  14:19  Stalker x5  
Tags
 
Add a new tag
Caveats
  • Supply blocks, unpowered buildings, or Contaminate may cause inaccurate times.
  • Supply counts are checked every 10 seconds.